 Dungeon Crawl Stone Soup version 0.18-a0-1285-g60d00e1 (webtiles) character file.

65 Gagarin the Shield-Bearer (level 4, -1/35 HPs)
             Began as a Formicid Fighter on Feb 8, 2016.
             Was an Initiate of Okawaru.
             Killed by divine providence
             ... invoked by an orc priest
              (9 damage)
             ... on level 3 of the Dungeon.
             The game lasted 00:04:42 (1883 turns).

Gagarin the Shield-Bearer (Formicid Fighter)        Turns: 1883, Time: 00:04:43

Health: -1/35      AC:  8    Str: 20    XL:     4   Next: 35%
Magic:  4/4        EV:  8    Int:  9    God:    Okawaru [......]
Gold:   105        SH:  9    Dex: 10    Spells: 0 memorised, 3 levels left

rFire  . . .     SeeInvis +     a - +0 flail
rCold  . . .     Gourm    .     b - +0 scale mail
rNeg   . . .     Faith    .     c - +0 shield
rPois  .         Spirit   .     (helmet unavailable)
rElec  .         Dismiss  .     g - +0 cloak
rCorr  .         Reflect  .     (no gloves)
SustAt .         Harm     .     (no boots)
MR     .....                    (no amulet)
Stlth  ..........               (no ring)
                                (no ring)

@: not resistant to hostile enchantments, extremely unstealthy
A: permanent stasis, dig shafts and tunnels, four strong arms, antennae 3
a: Dig, Shaft Self, Renounce Religion


You were on level 3 of the Dungeon.
You worshipped Okawaru.
Okawaru was noncommittal.
You were not hungry.

You visited 1 branch of the dungeon, and saw 3 of its levels.

You collected 105 gold pieces.

Inventory:

Hand Weapons
 a - a +0 flail (weapon)
Armour
 b - a +0 scale mail (worn)
 c - a +0 shield (worn)
 g - a +0 cloak (worn)
 k - a cursed +0 robe
Jewellery
 j - an uncursed amulet of guardian spirit {unknown}
 m - an uncursed ring of sustain attributes {unknown}
 q - an uncursed ring of magical power {unknown}
Scrolls
 e - a scroll of recharging {unknown}
 i - a scroll of identify {unknown}
 o - a scroll of teleportation {unknown}
 p - a scroll of enchant armour {unknown}
 s - 2 scrolls of enchant weapon {unknown}
 t - a scroll of remove curse {unknown}
 u - a scroll of fear {unknown}
Potions
 d - a potion of might
 h - a potion of curing {unknown}
 l - a potion of cancellation
 n - a potion of resistance {unknown}
 v - a potion of heal wounds {unknown}
Comestibles
 f - 2 bread rations
 r - 2 beef jerkies
 w - 5 chunks of flesh


   Skills:
 + Level 3.5 Fighting
 + Level 2.7 Maces & Flails
 + Level 3.6 Armour
 + Level 1.4 Dodging
 + Level 4.2 Shields


You had 3 spell levels left.
You didn't know any spells.

Dungeon Overview and Level Annotations

Branches:
Dungeon (3/15)

Altars:
Cheibriados
Elyvilon
Kikubaaqudgha
Okawaru
Pakellas
Vehumet
Zin


Innate Abilities, Weirdness & Mutations

You are under a permanent stasis effect.
You can dig through walls and to a lower floor.
Your four strong arms can wield two-handed weapons with a shield.
You have a pair of large antennae on your head (SInv).


Message History

Something hits the withered plant.
The orc hits you but does no damage. You block the orc's attack.
The orc closely misses you.
You sock the orc!
You kill the orc!
Okawaru accepts your kill. The orc closely misses you.
You block the orc's attack.
Your shield and scale mail prevent you from hitting the orc.
The orc hits you but does no damage. The orc closely misses you.
You hit the orc.
The orc is heavily wounded.
The orc hits you from afar with a trident.
* * * LOW HITPOINT WARNING * * *
The orc completely misses you. You block the orc's attack. x2
Drink which item? (? for menu, Esc to quit)
It was a potion of cancellation.
You feel magically purged. You block the orc's attack.
The orc hits you but does no damage.
The orc priest calls down the wrath of Beogh upon you.
Something smites you!
You die...

#.# #.# #.# #.# #.#
######## #.#
###......#
#.###..._....##
#....._..._...#
####).........#
#._).8.._..#
#........@.####.##
#.._..._..........
##.........o.###.#.
#..........o.....#
#.####.#.#...#####
#. #.#.##.#### #.
.#..##.##..
.###>##o##.# .#
##.#.##.#


You could see an orc priest and 2 orcs.

Vanquished Creatures
  2 adders (D:2)
  An ooze (D:2)
  A giant gecko (D:1)
  2 orcs (D:3)
  3 giant cockroaches (D:1)
  4 goblins
  7 hobgoblins
  6 kobolds
  5 bats
  2 giant newts (D:1)
  7 rats
40 creatures vanquished.

Notes
Turn   | Place    | Note
--------------------------------------------------------------
     0 | D:1      | Gagarin the Formicid Fighter began the quest for the Orb.
     0 | D:1      | Reached XP level 1. HP: 18/18 MP: 1/1
   525 | D:1      | Reached XP level 2. HP: 24/24 MP: 2/2
   942 | D:1      | Reached XP level 3. HP: 29/29 MP: 3/3
  1167 | D:2      | Reached skill level 1 in Dodging
  1304 | D:2      | Reached skill level 4 in Shields
  1481 | D:2      | Reached XP level 4. HP: 31/35 MP: 4/4
  1817 | D:3      | Found an ancient bone altar of Kikubaaqudgha.
  1817 | D:3      | Found an iron altar of Okawaru.
  1818 | D:3      | Found a white marble altar of Elyvilon.
  1819 | D:3      | Found a glowing silver altar of Zin.
  1819 | D:3      | Found a radiant altar of Vehumet.
  1819 | D:3      | Found a snail-covered altar of Cheibriados.
  1823 | D:3      | Found an oddly glowing altar of Pakellas.
  1839 | D:3      | Became a worshipper of Warmaster Okawaru
  1883 | D:3      | Killed from afar by an orc priest

Vault maps used:
D:1:      minmay_arrival_arboretum_small
D:2:      minmay_kobold_bridge, first_bread, minmay_crystal_water
D:3:      grunt_temple_overflow_open, serial_undead, serial_undead_d,
          serial_undead_a, serial_undead_b, serial_undead_e,
          portal_sewer_entry_e, grunt_decor_mini_mirrors,
          uniq_crazy_yiuf_cottage

Action                   |  1- 3 |  4- 6 || total
-------------------------+-------+-------++-------
Melee: Flail             |   121 |    42 ||   163
  Use: Potion            |       |     1 ||     1
  Eat: Chunk             |     2 |     1 ||     3
